 Dungeon Crawl Stone Soup version 0.19-a0-682-g708bd0e (webtiles) character file.

14214 TheGoonsmith the Basher (level 11, -2/89 HPs)
             Began as a Demonspawn Berserker on June 17, 2016.
             Was a High Priest of Trog.
             Slain by a polar bear (14 damage)
             ... in an ice cave.
             The game lasted 00:21:44 (13166 turns).

TheGoonsmith the Basher (Demonspawn Berserker)     Turns: 13166, Time: 00:21:44

Health: -2/89      AC: 20    Str: 19    XL:     11   Next: 85%
Magic:  14/14      EV: 10    Int: 10    God:    Trog [*****.]
Gold:   725        SH:  0    Dex: 11    Spells: 0 memorised, 10 levels left

rFire  + . .     SeeInvis .     Z - +2 dire flail (crush)
rCold  . . .     Gourm    .     F - +3 chain mail {MR+}
rNeg   . . .     Faith    .     (shield currently unavailable)
rPois  .         Spirit   .     (helmet restricted)
rElec  .         Dismiss  .     w - +2 cloak
rCorr  .         Reflect  .     (no gloves)
SustAt .         Harm     .     (no boots)
MR     +++..     Rnd*Rage +     (no amulet)
Stlth  ..........               U - ring of flight
                                C - +1 ring of protection

@: exhausted, regenerating, slowed, very slow, extremely resistant to hostile
enchantments, extremely unstealthy
A: antennae 2, rugged brown scales 2, berserk 1, blurry vision 2, clumsy 1, fire
resistance 1, low mp 1, nightstalker 1, rot immunity, subdued magic 1
a: Berserk, Trog's Hand, Brothers in Arms, Burn Spellbooks, Renounce Religion,
Evoke Flight


You were in an ice cave.
You worshipped Trog.
Trog was extremely pleased with you.
You were near starving.

You visited 2 branches of the dungeon, and saw 13 of its levels.
You also visited: Ossuary and Ice Cave.

You collected 725 gold pieces.

Inventory:

Hand Weapons
 Z - a +2 dire flail of crushing (weapon)
Missiles
 m - 7 javelins (quivered)
 A - 16 tomahawks
Armour
 w - a +2 cloak (worn)
 F - a +3 chain mail of magic resistance (worn)
Jewellery
 C - a +1 ring of protection (left hand)
 U - a ring of flight (right hand)
Wands
 o - a wand of digging (8/24)
 p - a wand of acid (5/15)
 B - a wand of acid (8/15)
 G - a wand of slowing (36/48)
 H - a wand of digging (8/24)
 M - a wand of iceblast (10/15)
 N - a wand of slowing (28/48)
 R - a wand of confusion (15/48)
 S - a wand of random effects (33/48)
Scrolls
 d - 5 scrolls of noise
 g - a scroll of fog
 r - 9 scrolls of identify
 s - 2 scrolls of immolation
 I - 4 scrolls of enchant weapon
 J - 2 scrolls of enchant armour
 L - a scroll of recharging
 Q - a scroll of amnesia
Potions
 e - 3 potions of heal wounds
 h - 2 potions of curing
 n - 2 potions of ambrosia
 t - a potion of cancellation
 u - a potion of brilliance {unknown}
 x - 6 potions of lignification
 z - 2 potions of magic
 K - a potion of might {unknown}
 O - 2 potions of flight
 T - a potion of invisibility {unknown}
 W - a potion of beneficial mutation {unknown}
Comestibles
 a - 4 chunks of flesh
 c - 5 bread rations
 f - 3 beef jerkies
 k - 14 fruits
 q - 2 slices of pizza
 E - 2 meat rations


   Skills:
 - Level 7.7 Fighting
 + Level 11.8 Maces & Flails
 - Level 8.8 Armour
 - Level 6.0 Dodging
 - Level 6.2 Evocations


You had 10 spell levels left.
You didn't know any spells.

Dungeon Overview and Level Annotations

Branches:
Dungeon (12/15)            Temple (0/1) D:4            Lair (1/6) D:11
    Orc: D:9-12

Altars:
Elyvilon
Gozag
Hepliaklqana
Makhleb
Okawaru
Pakellas
Qazlal
Ru
Sif Muna
Trog
Uskayaw
Vehumet
Yredelemnul


Innate Abilities, Weirdness & Mutations

You have a pair of antennae on your head.
You are mostly covered in rugged brown scales. (AC +2, +5% HP)
You are slightly more attuned to the shadows.
You are immune to rotting.
You tend to lose your temper in combat.
Scrolls take you longer to read.
You are clumsy. (Dex -2)
Your flesh is heat resistant. (rF+)
Your magical capacity is low. (-10% MP)
Your spells are a little easier to cast, but a little less powerful.


Message History

The polar bear bites you!
The polar bear claws you but does no damage.
The polar bear claws you. The polar bear bites you!!
The polar bear claws you. x2
* * * LOW HITPOINT WARNING * * *
The polar bear bites you but does no damage.
The polar bear claws you.
* * * LOW HITPOINT WARNING * * *
The polar bear barely misses you.
The polar bear bites you but does no damage.
The polar bear misses you.
The polar bear claws you but does no damage.
You hear a howl!
Your skin crawls.
You feel resistant to hostile enchantments.
You are near starving!
The polar bear bites you!
* * * LOW HITPOINT WARNING * * *
The polar bear barely misses you. The polar bear closely misses you.
The polar bear bites you!
You die...

{
#...§§##)##
#.
##...≈§.#.#
#.#
####§§#..#
#...##
##§##.#
#.h#.
####.#
#...## #.##
#..h# ##.#
#h## ##..#
##@###..##
#..##..## {
##..###.#
{{ ##..†.##
##..## ####
{


You could see 2 polar bears and a wolf.

Vanquished Creatures
  A hydra (D:11)
  Erica (D:9)
  A centaur warrior (D:11)
  Erolcha (D:9)
  The ghost of Senshi the Grappler, a journeyman VSMo of Makhleb (Lair:1)
  Sonja (D:10)
  Pikel (D:6)
  A deep elf mage (D:8)
  An ugly thing (D:11)
  Joseph (Lair:1)
  Maurice (D:11)
  A centaur skeleton (D:11)
  A polar bear (IceCv)
  A troll (D:11)
  Grinder (D:4)
  Prince Ribbit (D:5)
  2 wyverns
  A wraith (D:11)
  6 yaks
  2 hippogriffs
  A hungry ghost (D:10)
  Menkaure (D:5)
  Edmund (D:5)
  The ghost of BR41ND34D the Sneak, an amateur OpWz (Ossuary)
  A water moccasin (Lair:1)
  5 orc warriors
  4 phantoms
  3 sky beasts
  A slave (D:6)
  3 ogres
  2 necrophages (D:8)
  3 centaurs
  7 wolves (IceCv)
  A crocodile (Lair:1)
  2 big kobolds (D:10)
  An elf zombie (Ossuary)
  Blork the orc (D:4)
  A wyvern zombie (D:8)
  5 giant frogs
  A scorpion (D:6)
  4 wights (D:11)
  3 howler monkeys
  4 crimson imps
  A giant frog zombie (D:7)
  6 centaur zombies
  2 human zombies (Ossuary)
  3 orc priests
  6 hounds
  3 jellies
  Crazy Yiuf (D:3)
  A giant frog skeleton (D:5)
  3 iguanas
  Terence (D:2)
  11 orc wizards
  7 worker ants
  2 hound skeletons
  2 mummies (Ossuary)
  A howler monkey zombie (D:8)
  16 adders
  6 river rats (Lair:1)
  A shadow imp (D:11)
  2 worms (D:2)
  3 dart slugs (D:2)
  4 giant geckos
  40 orcs
  A ball python (D:1)
  4 giant cockroaches
  3 goblins
  15 hobgoblins
  9 jackals
  A quokka (D:2)
  7 bats
  A giant gecko skeleton (D:4)
  8 giant newts
  3 goblin zombies (Ossuary)
  6 hobgoblin zombies (Ossuary)
  A jackal zombie (Ossuary)
  18 kobolds
  16 kobold zombies (Ossuary)
  4 orc zombies (Ossuary)
  9 rats
  A rat zombie (Ossuary)
  A bush (D:6)
313 creatures vanquished.

Vanquished Creatures (others)
  A boulder beetle (D:3)
  A slave (D:6)
  A hound (D:6)
  An orc priest (D:6)
  A giant cockroach (D:6)
5 creatures vanquished.

Grand Total: 318 creatures vanquished

Notes
Turn   | Place    | Note
--------------------------------------------------------------
     0 | D:1      | TheGoonsmith the Demonspawn Berserker began the quest for the Orb.
     0 | D:1      | Reached XP level 1. HP: 18/18 MP: 1/1
    42 | D:1      | Reached skill level 3 in Maces & Flails
   212 | D:1      | Gained mutation: You are slightly more attuned to the shadows. [demonic ancestry]
   212 | D:1      | Reached XP level 2. HP: 21/24 MP: 2/2
   585 | D:1      | Reached ** piety under Trog
   593 | D:1      | Gained mutation: You are partially covered in rugged brown scales. (AC +1, +3% HP) [demonic ancestry]
   593 | D:1      | Reached XP level 3. HP: 4/29 MP: 3/3
  1714 | D:2      | Reached skill level 4 in Maces & Flails
  1937 | D:2      | Gained mutation: You have a pair of small antennae on your head. [demonic ancestry]
  1937 | D:2      | Reached XP level 4. HP: 35/36 MP: 4/4
  1944 | D:2      | Noticed Terence
  1955 | D:2      | Killed Terence
  2127 | D:2      | Found a basalt altar of Yredelemnul.
  2565 | D:3      | Reached XP level 5. HP: 34/43 MP: 5/5
  2673 | D:3      | Found an opulent altar of Gozag.
  2674 | D:3      | Found a radiant altar of Vehumet.
  2707 | D:3      | Found an oddly glowing altar of Pakellas.
  2709 | D:3      | Noticed a boulder beetle
  2720 | D:3      | Killed a boulder beetle
  2823 | D:3      | Noticed Crazy Yiuf
  2830 | D:3      | Killed Crazy Yiuf
  2992 | D:3      | Reached *** piety under Trog
  3160 | D:4      | Found a sand-covered staircase.
  3168 | Ossuary  | Entered an ossuary
  3238 | Ossuary  | Reached skill level 5 in Maces & Flails
  3628 | Ossuary  | Gained mutation: You are immune to rotting. [demonic ancestry]
  3628 | Ossuary  | Reached XP level 6. HP: 16/50 MP: 6/6
  3816 | Ossuary  | Noticed BR41ND34D's ghost (amateur OpWz)
  3826 | Ossuary  | Killed BR41ND34D's ghost
  3826 | Ossuary  | Reached skill level 6 in Maces & Flails
  3915 | Ossuary  | Reached skill level 5 in Fighting
  3985 | Ossuary  | Reached XP level 7. HP: 50/57 MP: 7/7
  4330 | Ossuary  | Got a pitted ring mail
  4341 | Ossuary  | Identified the cursed +1 ring mail of Zin's Vengeance {rElec rN+ Int+5 Dex+3} (You found it in an ossuary)
  4387 | D:4      | Noticed Grinder
  4409 | D:4      | Killed Grinder
  4410 | D:4      | Reached skill level 7 in Maces & Flails
  4495 | D:4      | Found a sacrificial altar of Ru.
  4513 | D:4      | Noticed Blork the orc
  4533 | D:4      | Killed Blork the orc
  4886 | D:4      | Found a bloodstained altar of Trog.
  5288 | D:4      | Found a deep blue altar of Sif Muna.
  5455 | D:4      | Found a staircase to the Ecumenical Temple.
  5489 | D:5      | Entered Level 5 of the Dungeon
  5553 | D:5      | Found a white marble altar of Elyvilon.
  5562 | D:5      | Reached XP level 8. HP: 65/65 MP: 8/8
  5673 | D:5      | Noticed Prince Ribbit
  5752 | D:5      | Noticed Menkaure
  5767 | D:5      | Killed Menkaure
  5767 | D:5      | Reached skill level 8 in Maces & Flails
  5923 | D:5      | Found a stormy altar of Qazlal.
  6087 | D:5      | Noticed Edmund
  6096 | D:5      | Killed Edmund
  6180 | D:5      | Reached skill level 9 in Maces & Flails
  6274 | D:5      | Reached **** piety under Trog
  6349 | D:5      | Killed Prince Ribbit
  6537 | D:6      | Noticed Pikel
  6573 | D:6      | Killed Pikel
  6573 | D:6      | Gained mutation: You are mostly covered in rugged brown scales. (AC +2, +5% HP) [demonic ancestry]
  6573 | D:6      | Reached XP level 9. HP: 51/75 MP: 9/9
  6678 | D:6      | Reached skill level 10 in Maces & Flails
  6787 | D:6      | Found a burning altar of Makhleb.
  6840 | D:6      | Reached skill level 1 in Evocations
  7276 | D:6      | Found an iron altar of Okawaru.
  7278 | D:6      | Found a hide-covered altar of Uskayaw.
  8132 | D:8      | Gained mutation: You have sharp toenails. [mutagenic meat]
  8133 | D:8      | Gained mutation: You are clumsy. (Dex -2) [mutagenic meat]
  8134 | D:8      | Gained mutation: You are robust. (+10% HP) [mutagenic meat]
  8135 | D:8      | Gained mutation: You have a pair of antennae on your head. [mutagenic meat]
  8136 | D:8      | Gained mutation: Scrolls take you a little longer to read. [mutagenic meat]
  8137 | D:8      | Gained mutation: Your natural rate of healing is unusually fast. [mutagenic meat]
  8149 | D:8      | Reached skill level 5 in Evocations
  8681 | D:8      | Noticed a deep elf mage
  8700 | D:8      | Killed a deep elf mage
  8700 | D:8      | Reached XP level 10. HP: 56/92 MP: 14/14
  8875 | D:9      | Found a hazy altar of Hepliaklqana.
  8919 | D:9      | Noticed Erolcha
  8938 | D:9      | Killed Erolcha
  8938 | D:9      | Reached skill level 5 in Armour
  9151 | D:9      | Gained mutation: Your flesh is heat resistant. (rF+) [mutagenic meat]
  9152 | D:9      | Gained mutation: Scrolls take you longer to read. [mutagenic meat]
  9153 | D:9      | Lost mutation: You are clumsy. (Dex -2) [mutagenic meat]
  9155 | D:9      | Lost mutation: Your natural rate of healing is unusually fast. [mutagenic meat]
  9167 | D:9      | Noticed Erica
  9216 | D:9      | Killed Erica
  9858 | D:10     | Entered Level 10 of the Dungeon
 10211 | D:10     | Noticed Sonja
 10234 | D:10     | Killed Sonja
 10612 | D:10     | Gained mutation: Your spells are a little harder to cast, but a little more powerful. [mutagenic meat]
 10613 | D:10     | Gained mutation: Your muscles are strong. (Str +2) [mutagenic meat]
 10639 | D:10     | Reached XP level 11. HP: 96/97 MP: 15/15
 10727 | D:10     | Reached ***** piety under Trog
 11172 | D:11     | Found a staircase to the Lair.
 11261 | D:11     | Noticed a purple ugly thing
 11281 | D:11     | Killed a purple ugly thing
 11281 | D:11     | Received a gift from Trog
 11287 | D:11     | Gained mutation: Scrolls take you much longer to read. [mutagenic meat]
 11464 | D:11     | Reached skill level 5 in Dodging
 11537 | D:11     | Noticed Maurice
 11593 | D:11     | Killed Maurice
 11765 | D:11     | Noticed a four-headed hydra
 11781 | D:11     | Killed a four-headed hydra
 12029 | D:11     | Lost mutation: Your spells are a little harder to cast, but a little more powerful. [potion of mutation]
 12029 | D:11     | Lost mutation: You are robust. (+10% HP) [potion of mutation]
 12030 | D:11     | Gained mutation: You are clumsy. (Dex -2) [potion of mutation]
 12030 | D:11     | Gained mutation: You tend to lose your temper in combat. [potion of mutation]
 12030 | D:11     | Lost mutation: Your muscles are strong. (Str +2) [potion of mutation]
 12031 | D:11     | Gained mutation: Armour fits poorly on your strangely shaped body. [potion of mutation]
 12031 | D:11     | Gained mutation: Your magical capacity is low. (-10% MP) [potion of mutation]
 12032 | D:11     | Gained mutation: You have razor-sharp toenails. [potion of mutation]
 12032 | D:11     | Gained mutation: Your spells are a little easier to cast, but a little less powerful. [potion of mutation]
 12042 | D:11     | Lost mutation: You have razor-sharp toenails. [potion of cure mutation]
 12042 | D:11     | Lost mutation: Armour fits poorly on your strangely shaped body. [potion of cure mutation]
 12042 | D:11     | Lost mutation: You have sharp toenails. [potion of cure mutation]
 12042 | D:11     | Lost mutation: Scrolls take you much longer to read. [potion of cure mutation]
 12143 | D:11     | Noticed a centaur warrior
 12155 | D:11     | Killed a centaur warrior
 12396 | Lair:1   | Entered Level 1 of the Lair of Beasts
 12399 | Lair:1   | Noticed Joseph
 12413 | Lair:1   | Killed Joseph
 12413 | Lair:1   | Reached skill level 11 in Maces & Flails
 12465 | Lair:1   | Noticed Senshi's ghost (journeyman VSMo)
 12472 | Lair:1   | Killed Senshi's ghost
 12741 | Lair:1   | Found a frozen archway.
 12748 | IceCv    | Entered an ice cave
 13166 | IceCv    | Slain by a polar bear

Vault maps used:
D:1:      dpeg_arrival_short_road, hangedman_decor_slide_cut
D:2:      marbit_many_paths, first_bread, st_stairs_7, uniq_terence
D:3:      gammafunk_pakellas_spire_experiment, gammafunk_temple_overflow_statue,
          minivault_23, st_stairs_14, uniq_crazy_yiuf_cottage
D:4:      hangedman_ru_absence, lemuel_doored_altar, kennysheep_little_box,
          temple_hall, nicolae_ossuary_entry_monument, minivault_1, st_stairs_2,
          wad_orctagon, uniq_blork_the_orc, uniq_grinder
D:5:      elyvilon_altar_1, grunt_decor_resistance, grunt_decor_arrowhead,
          grunt_qazlal_clouds, uniq_menkaure, uniq_edmund, uniq_prince_ribbit1
D:6:      nicolae_overflow_hidden_temple, kb_lookout_dungeons_type, st_stairs_2,
          uniq_pikel
D:9:      lemuel_crystal_altar, uniq_erica, uniq_erolcha
D:10:     uniq_sonja
D:11:     lair_0_dummy, uniq_maurice
D:12:     orc_0_dummy, grunt_pizzeria, fungi_pond_lemuel
Lair:1:   portal_ice_cave_entry_pillars_1, serial_bayou_crossing, uniq_joseph
Ossuary:  ossuary_tomb_1
IceCv:    ice_cave_caverns_03

Skill      XL: |  1  2  3  4  5  6  7  8  9 10 11 |
---------------+----------------------------------+-----
Maces & Flails | 3 4 5 6 7 9 10 11 | 11.8
Fighting       | 4 5 6 7 |  7.7
Evocations     | 6 |  6.2
Armour         | 3 8 |  8.8
Dodging        | 2 6 |  6.0

Action                   |  1- 3 |  4- 6 |  7- 9 | 10-12 || total
-------------------------+-------+-------+-------+-------++-------
Melee: Mace              |   131 |   288 |   123 |       ||   542
       Flail             |       |       |   446 |   343 ||   789
       Kick              |       |       |    25 |   143 ||   168
       Morningstar       |       |       |       |   129 ||   129
       Dire flail        |       |       |       |   123 ||   123
Throw: Javelin           |       |       |     6 |       ||     6
Invok: Berserk           |     2 |     5 |     9 |    10 ||    26
       Trog's Hand       |       |     1 |     1 |     4 ||     6
       Burn Spellbooks   |       |       |     1 |     2 ||     3
Evoke: Wand              |       |       |     2 |     4 ||     6
  Use: Scroll            |       |       |    12 |    14 ||    26
       Potion            |       |       |       |     6 ||     6
 Stab: Sleeping          |     6 |       |       |       ||     6
       Confused          |       |       |       |     5 ||     5
  Eat: Chunk             |     2 |     5 |    22 |    28 ||    57
       Bread ration      |     1 |       |     2 |     2 ||     5
       Meat ration       |       |     1 |       |       ||     1
       Beef jerky        |       |     1 |       |       ||     1
Armor: Animal skin       |    17 |       |       |       ||    17
       Plate armour      |    43 |   249 |    45 |       ||   337
       Chain mail        |       |       |   246 |   372 ||   618
       Ring mail         |       |       |    17 |       ||    17
Dodge: Dodged            |    73 |    88 |   174 |   284 ||   619
